 Dungeon Crawl Stone Soup version 0.28-a0-984-g3775c662fe (webtiles) character file.

Game seed: 8842782781133282318

78 ders the Digger (level 4, -2/24 HPs)
             Began as a Gargoyle Earth Elementalist on Dec 3, 2021.
             Slain by an orc (5 damage)
             ... on level 3 of the Dungeon.
             The game lasted 00:01:48 (2601 turns).

ders the Digger (Gargoyle Earth Elementalist)       Turns: 2601, Time: 00:01:49

Health: -2/24      AC:  5    Str: 12    XL:     4   Next: 36%
Magic:  0/8        EV: 11    Int: 17    God:
Gold:   50         SH:  0    Dex: 10    Spells: 4/8 levels left

rFire   . . .      SeeInvis .   h - +1 short sword (drain)
rCold   . . .      Faith    .   (no shield)
rNeg    + . .      Spirit   .   b - +0 robe
rPois   ∞          Reflect  .   (no helmet)
rElec   +          Harm     .   (no cloak)
rCorr   .          Rampage  .   (no gloves)
Will    .....                   (no boots)
Stlth   ++........              (no amulet)
HPRegen 0.08/turn               (no ring)
MPRegen 0.11/turn               (no ring)

@: no status effects
A: sickness immunity, AC +3, negative energy resistance 1, electricity
resistance, torment resistance 1, petrification resistance
a: no special abilities


You were on level 3 of the Dungeon.
You visited 1 branch of the dungeon, and saw 3 of its levels.

You collected 92 gold pieces.
You spent 42 gold pieces at shops.

Inventory:

Hand Weapons
 h - a +1 short sword of draining (weapon)
Missiles
 c - 2 stones
Armour
 b - a +0 robe (worn)
Scrolls
 a - a scroll of teleportation
 d - a scroll of acquirement {unknown}
 e - a scroll of vulnerability {unknown}
 g - a scroll of silence {unknown}
Potions
 f - a potion of mutation {unknown}


   Skills:
 - Level 1.5 Dodging
 - Level 2.1 Stealth
 + Level 2.8 Spellcasting
 + Level 2.2 Conjurations
 - Level 0.7 Transmutations
 + Level 4.5 Earth Magic


You had 4 spell levels left.
You knew the following spells:

 Your Spells              Type           Power      Damage    Failure   Level
a - Sandblast             Erth           36%        2d10      2%          1
b - Stone Arrow           Conj/Erth      28%        3d8       13%         3

Your spell library contained the following spells:

 Spells                   Type           Power      Damage    Failure   Level
 Passwall                 Tmut/Erth      9%         N/A       9%          2
 Petrify                  Tmut/Erth      11%        N/A       52%         4


Dungeon Overview and Level Annotations

Branches:
Dungeon (3/15)

Altars:

Shops:
D:2 ?


Innate Abilities, Weirdness & Mutations

You are immune to sickness and miasma.
Your stone body is resilient. (AC +3)
You are immune to poison.
You resist negative energy. (rN+)
You are resistant to electric shocks. (rElec)
You are resistant to unholy torment.
You are immune to petrification.


Message History

Unknown command.
Casting: Sandblast (safe; 2% risk of failure)
Confirm with . or Enter, or press ? or * to list all spells.
Aiming: Sandblast (safe; 2% risk of failure)
Press: ? - help, Shift-Dir - straight line, f/p - orc
Aim: an orc, wielding a +2 falchion of holy wrath and wearing a +0 scale mail (heavily wounded, 82% to hit)
The blast of sand hits the orc but does no damage.
The orc is heavily wounded.
The orc hits you with a +2 falchion of holy wrath.
Unknown command.
Casting: Sandblast (safe; 2% risk of failure)
Confirm with . or Enter, or press ? or * to list all spells.
Aiming: Sandblast (safe; 2% risk of failure)
Press: ? - help, Shift-Dir - straight line, f/p - orc
Aim: an orc, wielding a +2 falchion of holy wrath and wearing a +0 scale mail (heavily wounded, 82% to hit)
The blast of sand hits the orc but does no damage.
The orc is heavily wounded.
The orc hits you with a +2 falchion of holy wrath.
* * * LOW HITPOINT WARNING * * *
Unknown command.
Casting: Sandblast (safe; 2% risk of failure)
Confirm with . or Enter, or press ? or * to list all spells.
Aiming: Stone Arrow (quite dangerous; 13% risk of failure)
Press: ? - help, Shift-Dir - straight line, f/p - orc
Aim: an orc, wielding a +2 falchion of holy wrath and wearing a +0 scale mail (heavily wounded, 72% to hit)
You miscast Stone Arrow.
You are very lightly contaminated with residual magic.
Nothing appears to happen.
The orc barely misses you.
The orc hits you with a +2 falchion of holy wrath.
* * * LOW HITPOINT WARNING * * *
Your magical contamination has completely faded away.
Casting: Stone Arrow (quite dangerous; 13% risk of failure)
Confirm with . or Enter, or press ? or * to list all spells.
Aiming: Sandblast (safe; 2% risk of failure)
Press: ? - help, Shift-Dir - straight line, f/p - orc
Aim: an orc, wielding a +2 falchion of holy wrath and wearing a +0 scale mail (heavily wounded, 82% to hit)
The blast of sand misses the orc.
Unknown command.
The orc hits you with a +2 falchion of holy wrath.
You die...

#. #.#
#..#.#.#####.#.# #.
#.# #..#.#.......#.#
#.####..#.##........#
#.......#.##.########
######....##.#
..####....# ####.
#.#### #....####.#
#....@o)#.#
#....##.#.# #....
#.#.### #######.#...#
###.....#.#
#...###.#.# ###.#.#
#.#.# #.....# #.#..
#.8.8.# #.#.#


You could see an orc.

Vanquished Creatures
  Terence (D:2)
  2 adders (D:2)
  3 dart slugs (D:1)
  2 endoplasms
  4 goblins
  3 hobgoblins
  A kobold (D:1)
  2 quokkas (D:1)
  A ball python (D:1)
  3 bats
  3 frilled lizards
  4 rats
29 creatures vanquished.

Notes
Turn   | Place    | Note
-------+----------+-------------------------------------------
     0 | D:1      | ders the Gargoyle Earth Elementalist began the quest for
                  | the Orb.
     0 | D:1      | Reached XP level 1. HP: 10/10 MP: 3/3
   239 | D:1      | Reached skill level 1 in Conjurations
   239 | D:1      | Reached XP level 2. HP: 4/15 MP: 0/5
   946 | D:1      | Reached skill level 4 in Earth Magic
  1225 | D:1      | Reached XP level 3. HP: 16/19 MP: 3/6
  1406 | D:2      | Noticed Terence
  1576 | D:2      | Learned a level 3 spell: Stone Arrow
  2066 | D:2      | Killed Terence
  2067 | D:2      | Reached XP level 4. HP: 24/24 MP: 1/8
  2217 | D:2      | Found Litsac's Magic Scroll Shop.
  2223 | D:2      | Bought a scroll of teleportation for 42 gold pieces
  2581 | D:3      | Found a faded altar of an unknown god.
  2601 | D:3      | Slain by an orc

Illustrated notes

Levels and vault maps discovered:
D:1:      dpeg_arrival_round_c, layout_basic
D:2:      layout_loops_ring, serial_shops, shop, uniq_terence
D:3:      layout_basic, nicolae_ru_the_path_less_chosen, marbit_many_paths,
          dreamdust_ecumenical_altar_statues, minmay_misc_feat_x

Skill      XL: |  1  2  3 |
---------------+----------+-----
Conjurations   | 1 2 |  2.2
Earth Magic    | 4 |  4.5
Dodging        | |  1.5
Stealth        | |  2.1
Spellcasting   | |  2.8
Transmutations | |  0.7

Action                   |  1- 3 |  4- 6 || total
-------------------------+-------+-------++-------
Melee: Short sword       |     2 |       ||     2
       Unarmed           |     1 |       ||     1
 Cast: Sandblast         |    37 |    10 ||    47
       Stone Arrow       |     3 |     1 ||     4
Armor: Robe              |     7 |     5 ||    12
Dodge: Dodged            |    13 |     1 ||    14

Table legend: (Time is in decaauts)
 A = Elapsed time spent in this place.
 B = Non-inter-level travel time spent in this place.
 C = Inter-level travel time spent in this place.
 D = Time resting spent in this place.
 E = Time spent auto-exploring this place.
 F = Levels seen in this place.
 G = Mean time per level.
                   A        B        C        D        E       F      G
               +--------+--------+--------+--------+--------+-----+--------+
         Total |   2601 |   2461 |    140 |    501 |   1728 |   3 |  867.0 |
       Dungeon |   2601 |   2461 |    140 |    501 |   1728 |   3 |  867.0 |
               +--------+--------+--------+--------+--------+-----+--------+

Top non-repeatable levels by time:
     D:1: 1624 daAuts
     D:2: 778 daAuts
     D:3: 198 daAuts
